[Event "*** Titled Tuesday Blitz"]
[Site "Chess.com"]
[Date "2020.04.28"]
[Round "1"]
[White "Beca95"]
[Black "zubridis"]
[Result "1-0"]
[WhiteElo "2872"]
[BlackElo "2447"]
[TimeControl "180+1"]
[EndTime "10:07:20 PDT"]
[Termination "Beca95 won on time"]

1. d4 g6 2. Nf3 Bg7 3. e4 d6 4. Bc4 e6 5. O-O Ne7 6. Bb3 O-O 7. a4 Nbc6 8. h3 h6 9. a5 Kh7 10. c3 e5 11. dxe5 dxe5 12. Qe2 f5 13. Nbd2 f4 14.
Rd1 Qe8 15. Bd5 Bd7 16. b4 a6 17. Nb3 Rd8 18. Nc5 Bc8 19. Bb2 Rf6 20. Bb3 g5 21.
Rxd8 Qxd8 22. c4 Rd6 23. b5 Nd4 24. Nxd4 exd4 25. Nd3 Ng6 26. c5 Rd7 27. b6 c6 28.
e5 Re7 29. Qe4 Bxe5 30. Nxe5 Rxe5 31. Qxd4 Qxd4 32. Bxd4 Re2 33. Kf1 f3 34. Be3 Be6 35.
Bxe6 1-0

[Event "*** Titled Tuesday Blitz"]
[Site "Chess.com"]
[Date "2020.04.28"]
[Round "1"]
[White "GMartin_Petrov"]
[Black "Xeslu"]
[Result "1-0"]
[WhiteElo "2668"]
[BlackElo "2338"]
[TimeControl "180+1"]
[EndTime "10:07:20 PDT"]
[Termination "GMartin_Petrov won by resignation"]

1. e4 e5 2. Nf3 Nc6 3. Bc4 Nf6 4. d3 Be7 5. O-O O-O 6. a4 a6 7.
Re1 d6 8. c3 h6 9. Nbd2 Be6 10.
h3 Qd7 11. Bxe6 fxe6 12. d4 Nh7 13. dxe5 dxe5 14. Nc4 Qxd1 15. Rxd1 Bf6 16. Be3 Rfd8 17. b4 Kf7 18. Rxd8 Rxd8 19. b5 axb5 20. axb5 Ne7 21. Nfxe5+ Ke8 22. f4 Nc8 23. Ra8 Nd6 24. Rxd8+ Kxd8 25. Nxd6 cxd6 26. Nc4 Kd7 27. Bd4 Nf8 28. Kf2 Ng6 29.
Bxf6 gxf6 30. g3 h5 31. Ke3 h4 32. gxh4 Nxh4 33. Kf2 d5 34. exd5 exd5 35. Ne3 Kd6 36. Kg3 Ng6 37. h4 Kc5 38. h5 Nf8 39. h6 Kxb5 40. Nxd5 Kc4 41. Nxf6 Kxc3 42. Ne4+ Kd4 43. Ng5 Kd5 44. h7 Nxh7 45. Nxh7 b5 46. Nf6+ Kd4 47. Kf3 b4 48. Ne4 b3 49. Nd2 b2 50. f5 Ke5 51. Kg4 Kf6 52. Kf4 Ke7 53. Ke5 Ke8 54. f6 Kf7 55. Kf5 Kf8 56. Ke6 Ke8 57. f7+ Kf8 58.
Nb1 Kg7 59. Ke7 1-0

[Event "*** Titled Tuesday Blitz"]
[Site "Chess.com"]
[Date "2020.04.28"]
[Round "1"]
[White "czasnaszachy"]
[Black "Meri-Arabidze"]
[Result "0-1"]
[WhiteElo "2298"]
[BlackElo "2616"]
[TimeControl "180+1"]
[EndTime "10:07:20 PDT"]
[Termination "Meri-Arabidze won on time"]

1. d4 d5 2. c4 e6 3. Nc3 Nf6 4. Nf3 Nbd7 5. Bg5 h6 6. Bh4 Be7 7. e3 O-O 8. Rc1 c5 9. Be2 b6 10. O-O Bb7 11. Ne5 cxd4 12. exd4 Rc8 13. b3 dxc4 14. bxc4 Ne4 15. Bxe7 Qxe7 16. Nxe4 Bxe4 17. Bf3 Bxf3 18. Nxf3 Rfd8 19. Qa4 Nf6 20. Rfd1 Qb7 21. Rc2 Ne4 22. h3 Nd6 23. Ne5 Nf5 24. Rcd2 a6 25.
d5 b5 26. cxb5 axb5 27. Qg4 Qc7 28. f4 Qc5+ 29. Kh2 Ne3 30. Qh5 Rf8 31. Re1 Nxd5 32.
f5 exf5 33. Nd7 Qd6+ 34. g3 Qxd7 35. Red1 Rc5 36. Qf3 Rd8 37. Qf2 Qd6 38. Qf3 g6 39.
Qf2 h5 40. Qf3 h4 41. Qf2 hxg3+ 42. Qxg3 Qxg3+ 43. Kxg3 Kg7 44. Kf3 Kf6 45. Rd4 Ke6 46. Re1+ Kd6 47. Red1 Rc3+ 48. Ke2 Kc5 49. Rh4 Re3+ 50.
Kf2 f4 0-1

[Event "*** Titled Tuesday Blitz"]
[Site "Chess.com"]
[Date "2020.04.28"]
[Round "1"]
[White "Macron20hTF1"]
[Black "kleinebeer98"]
[Result "0-1"]
[WhiteElo "2358"]
[BlackElo "2701"]
[TimeControl "180+1"]
[EndTime "10:07:21 PDT"]
[Termination "kleinebeer98 won by resignation"]

1. e4 c5 2. Nf3 e6 3. c3 d5 4.
exd5 Qxd5 5. d4 Nf6 6. Bd3 Be7 7. O-O O-O 8. Re1 cxd4 9. cxd4 Nc6 10. Nc3 Qh5 11. Bf4 Rd8 12. Bc7 Rd7 13. Bg3 a6 14. a3 Qa5 15. Ne5 Nxe5 16. dxe5 Nd5 17. Ne4 b5 18. Nd6 Bxd6 19. exd6 Bb7 20. Qg4 Nf6 21. Qh4 b4 22. Be5 Qd5 23. Bf1 Ne4 24. Rad1 Qxe5 25. Bd3 f5 26. f3 Qc5+ 27. Kf1 Nxd6 28. Rxe6 bxa3 29. bxa3 Rad8 30. Rde1 Qc8 31. Bb1 Qc4+ 32. Kg1 Qxh4 33. Ba2 Qd4+ 34. Kh1 Kh8 35. Re8+ Rxe8 36. Rxe8+ Nxe8 37. h4 Qd2 38. Kh2 Qe1 0-1

[Event "*** Titled Tuesday Blitz"]
[Site "Chess.com"]
[Date "2020.04.28"]
[Round "1"]
[White "MergenKakabaev"]
[Black "Guachiney"]
[Result "0-1"]
[WhiteElo "2433"]
[BlackElo "2841"]
[TimeControl "180+1"]
[EndTime "10:07:22 PDT"]
[Termination "Guachiney won by resignation"]

1. e4 c5 2. Nf3 d6 3. d4 cxd4 4. Nxd4 Nf6 5. Nc3 a6 6. Bg5 Nbd7 7. Qe2 Qa5 8. f4 e5 9. Nb3 Qc7 10. f5 b5 11. O-O-O Bb7 12. a3 Be7 13. Kb1 Rc8 14. Bxf6 Nxf6 15. g4 h6 16. h4 Qb6 17. Bg2 h5 18. g5 Ng4 19. Nd5 Bxd5 20. Rxd5 Qe3 21. Re1 Qg3 22. Rd3 Qxh4 23. g6 fxg6 24. fxg6 O-O 25. Rh3 Qg5 26. Reh1 Rf2 27. Qd3 Nf6 28.
Rg3 Qf4 29. c3 h4 30. Rf3 Qxe4 31. Qxe4 Nxe4 32. Rf7 Rxg2 33. Rxe7 Rg4 34. Rf1 Nf6 35. Na5 h3 36. Nb7 h2 37. Nxd6 Rg1 38. Nxc8 Rxf1+ 39. Ka2 h1=Q 40. Rb7 Qd5+ 0-1

[Event "*** Titled Tuesday Blitz"]
[Site "Chess.com"]
[Date "2020.04.28"]
[Round "1"]
[White "Alexchess1984"]
[Black "whogeeyao"]
[Result "1-0"]
[WhiteElo "2686"]
[BlackElo "2351"]
[TimeControl "180+1"]
[EndTime "10:07:22 PDT"]
[Termination "Alexchess1984 won by resignation"]

1. e4 c5 2. c3 Nf6 3. e5 Nd5 4. Bc4 e6 5. d4 d6 6. Nf3 cxd4 7. cxd4 dxe5 8. dxe5 Be7 9. O-O O-O 10. Qe2 b6 11. Qe4 Bb7 12. Qg4 Re8 13. Bh6 g6 14. Nbd2 Nd7 15.
Ne4 Qc7 16. Bb5 Nxe5 17. Nxe5 Qxe5 18. Bxe8 Rxe8 19. Rfe1 f5 20. Qg3 Qxb2 21. Nd6 Bxd6 22. Qxd6 Qf6 23. Qd7 Qf7 24. Qd6 Nf6 25. h3 Ne4 26. Qe5 Nc5 27. Rad1 Ba6 28. Re3 Ne4 29.
h4 Nf6 30. f3 Bb7 31. Rc3 Nd5 32. Rc2 Bc8 33. Rdc1 Bd7 34. Rc4 Qf6 35. Qxf6 Nxf6 36.
Rc7 Kf7 37. Bg5 Re7 38. Rxa7 Bb5 39. Rcc7 Rd7 40. Bxf6 Rxc7 41. Rxc7+ Kxf6 42. a3 Ba4 43. Rxh7 b5 44. f4 e5 45. fxe5+ Kxe5 46. Rg7 Kf6 47. Rb7 Ke5 48. Rb6 f4 49. Rxg6 Ke4 50. Kf2 1-0

[Event "*** Titled Tuesday Blitz"]
[Site "Chess.com"]
[Date "2020.04.28"]
[Round "1"]
[White "etserga"]
[Black "vanea_03"]
[Result "0-1"]
[WhiteElo "2332"]
[BlackElo "2679"]
[TimeControl "180+1"]
[EndTime "10:07:22 PDT"]
[Termination "vanea_03 won by resignation"]

1. Nf3 d5 2. e3 Nf6 3. c4 e6 4. b3 Bd6 5. Bb2 O-O 6. Nc3 b6 7. g3 Bb7 8. Bg2 dxc4 9. bxc4 e5 10. O-O Nbd7 11. d3 a6 12. Qc2 Qe7 13. Rad1 e4 14.
dxe4 Nxe4 15. Nh4 Nxc3 16. Bxb7 Nxd1 17. Bxg7 Nxe3 18. fxe3 Qxe3+ 19. Kg2 Rfe8 20. Bf3 Nc5 21. Nf5 Qd3 22. Qxd3 Nxd3 23. Bxa8 Rxa8 24. Bc3 Bf8 25. Rd1 Nc5 26. g4 Re8 27. Kf3 h6 28. h4 Kh7 29.
h5 b5 30. cxb5 axb5 31. Bb4 Ra8 32. Bxc5 Bxc5 33. Rd7 Ra3+ 34. Ke4 Ra4+ 35. Kd5 Bf8 36. Rxf7+ Kg8 37. g5 Kxf7 38. gxh6 Rxa2 39. h7 Bg7 40. h6 Bh8 41. Kc6 Rf2 42. Ne3 Rf3 43.
Nd5 Kg6 44. Kxc7 Kxh7 45. Kc6 Rb3 46. Kc5 Kxh6 47. Ne7 Bf6 48. Nf5+ Kg5 49. Nd6 Be7 50. Kc6 Bxd6 51. Kxd6 b4 52. Kc5 Rb1 53. Kc4 Kf4 54. Kd3 Rc1 55. Kd2 Rc8 56. Kd3 b3 57. Kd4 b2 58. Kd5 b1=Q 0-1

[Event "*** Titled Tuesday Blitz"]
[Site "Chess.com"]
[Date "2020.04.28"]
[Round "1"]
[White "Schachmalanders"]
[Black "Abund"]
[Result "0-1"]
[WhiteElo "2339"]
[BlackElo "2673"]
[TimeControl "180+1"]
[EndTime "10:07:22 PDT"]
[Termination "Abund won by resignation"]

1. e4 c5 2. Nf3 Nc6 3. Bb5 g6 4. O-O Bg7 5. Bxc6 dxc6 6. d3 Nf6 7. h3 Nd7 8. Nc3 e5 9. Be3 b6 10. a4 a5 11. Qd2 h6 12. Nh2 Nf8 13. f4 exf4 14. Bxf4 Ne6 15. Be3 Nd4 16. Rf2 Be6 17. Raf1 Qd6 18. Nf3 O-O-O 19. Bf4 Qe7 20. Ne2 Nxf3+ 21.
Rxf3 c4 22. Qe3 Kb7 23. d4 g5 24. Be5 Bxe5 25. dxe5 Qb4 26. Nd4 Rd7 27. Rf6 Re8 28. Nxe6 fxe6 29. Rxh6 Qxb2 30. Qxg5 Qxc2 31. Qg6 Red8 32. Qxe6 Qxe4 33. Rff6 Rc7 34. Kh2 c3 35. Qb3 Qb4 36. Qc2 Rd2 37. Qc1 Qb2 38. Rf1 Rxg2+ 39.
Kh1 Rh2+ 0-1

[Event "*** Titled Tuesday Blitz"]
[Site "Chess.com"]
[Date "2020.04.28"]
[Round "1"]
[White "Duhless"]
[Black "ShahMatKanal"]
[Result "1-0"]
[WhiteElo "3104"]
[BlackElo "2468"]
[TimeControl "180+1"]
[EndTime "10:07:23 PDT"]
[Termination "Duhless won on time"]

1. c4 c6 2. Nf3 d5 3. g3 Nf6 4.
Bg2 e6 5. d4 Be7 6. O-O O-O 7.
Nbd2 Nbd7 8. Qc2 b6 9. b3 Bb7 10. Bb2 Rc8 11. Rfd1 Qc7 12. Rac1 Qb8 13. Qb1 Rfd8 14. e4 a5 15. Re1 b5 16. e5 Ne8 17.
c5 Nf8 18. Re3 b4 19. a4 bxa3 20. Bxa3 Ba6 21. Bb2 Rd7 22. Bc3 Bd8 23. h4 Rb7 24. Qc2 h5 25. Ra1 g6 26. Bxa5 Bxa5 27. Rxa5 Bb5 28. Re1 Ng7 29. Rea1 Nf5 30. Nb1 Qc7 31. Nc3 Rcb8 32. Bh3 Ng7 33. Nxb5 Rxb5 34. Rxb5 Rxb5 35. Bf1 Rb8 36. Qc3 Nf5 37. b4 Kg7 38. Bd3 Qb7 39.
Ra4 Ra8 40. Qa3 Rxa4 41. Qxa4 f6 42. Bxf5 exf5 43. exf6+ Kxf6 44. Ne5 Ne6 45. Nxc6 f4 46. b5 f3 47. Qb3 Kg7 48. Qxf3 Qxb5 49. Qxd5 Qb1+ 50. Kg2 Qf5 51. Qxf5 gxf5 52. Kf3 Kg6 53. Ke3 Kf6 54. Nb4 1-0

[Event "*** Titled Tuesday Blitz"]
[Site "Chess.com"]
[Date "2020.04.28"]
[Round "1"]
[White "SHIVACalypso"]
[Black "josiwales"]
[Result "0-1"]
[WhiteElo "2274"]
[BlackElo "2604"]
[TimeControl "180+1"]
[EndTime "10:07:23 PDT"]
[Termination "josiwales won by resignation"]

1. Nf3 d5 2. c4 Nf6 3. g3 c6 4. Bg2 Bf5 5. O-O Nbd7 6. d4 e6 7. Nc3 h6 8. Nd2 Be7 9. e4 dxe4 10. Ndxe4 O-O 11. Be3 Nb6 12. b3 Qd7 13. Nxf6+ Bxf6 14. Ne4 Bxe4 15. Bxe4 Rfd8 16. c5 Nd5 17. Qf3 Nc3 18. Rac1 Nxe4 19. Qxe4 Qd5 20. Qxd5 Rxd5 21. Rc4 Rad8 22.
Rb4 R8d7 23. Rd1 e5 24. Rc4 exd4 25. Bf4 g5 26. Bd6 Kg7 27. Kg2 b5 28. Rc2 Be5 29. Bxe5+ Rxe5 30. Rcd2 Red5 31. b4 f5 32. Kf3 d3 33. Re1 Rd4 34. a3 Kf7 35. Re5 g4+ 36. Ke3 Kf6 37. Re8 R4d5 38. f4 Re7+ 39. Rxe7 Kxe7 40. Rxd3 Rxd3+ 41. Kxd3 Ke6 42. Kd4 h5 43. Ke3 Kd5 44. Kd3 a6 45. Ke3 Kc4 46. Kd2 Kb3 47. Kd3 Kxa3 48. Kc3 Ka4 49. Kd4 Kxb4 50. Ke5 Kxc5 51.
Kxf5 b4 52. Kg6 b3 53. f5 b2 54. f6 b1=Q+ 55. Kg7 Qf5 0-1

[Event "*** Titled Tuesday Blitz"]
[Site "Chess.com"]
[Date "2020.04.28"]
[Round "1"]
[White "Olga_Zhuravleva"]
[Black "MPGM"]
[Result "1-0"]
[WhiteElo "2226"]
[BlackElo "2533"]
[TimeControl "180+1"]
[EndTime "10:07:23 PDT"]
[Termination "Olga_Zhuravleva won on time"]

1. e4 c6 2. Nf3 d5 3. Nc3 Bg4 4. h3 Bh5 5. d3 e6 6. Be2 Nf6 7. O-O Be7 8. Re1 O-O 9. Bf1 dxe4 10. Nxe4 Nxe4 11. Rxe4 Nd7 12. Bf4 Nf6 13. Re1 Bd6 14. Bg5 h6 15. Bh4 Be7 16. c3 Nd5 17.
Bg3 Bd6 18. d4 Bxg3 19. fxg3 Qc7 20. Re5 Bg6 21. Bd3 Bxd3 22. Qxd3 Rae8 23. Kh2 f6 24. Re2 Re7 25. Rae1 Rfe8 26. Nh4 Qd6 27. a3 b5 28.
Re4 e5 29. Nf5 Qd7 30. Nxe7+ Rxe7 31. dxe5 f5 32. e6 Qd6 33. Re5 g6 34. b3 Qxa3 35. Qd2 Kg7 36. Qd4 Kh7 37. c4 bxc4 38. bxc4 Nb6 39.
Rc5 Qa4 40. Ra1 Qb3 41. Rxc6 Qc2 42. c5 Rg7 43. cxb6 axb6 44. Rxc2 1-0

[Event "*** Titled Tuesday Blitz"]
[Site "Chess.com"]
[Date "2020.04.28"]
[Round "1"]
[White "Nara_Kh"]
[Black "BilodeauA"]
[Result "1-0"]
[WhiteElo "2461"]
[BlackElo "2849"]
[TimeControl "180+1"]
[EndTime "10:07:24 PDT"]
[Termination "Nara_Kh won by resignation"]

1. e4 c5 2. Nf3 Nc6 3. Bb5 g6 4. Bxc6 dxc6 5. O-O Bg7 6. d3 Nh6 7. h3 f6 8. Nc3 Nf7 9. a4 a5 10. Be3 b6 11. Nd2 e5 12. Nc4 Nd6 13. Qe2 O-O 14. Rad1 Be6 15. f4 exf4 16. Bxf4 Nf7 17. Kh1 Re8 18.
Qf2 Ra7 19. Qf3 Rd7 20. g4 Ng5 21. Bxg5 fxg5 22. Rde1 Rf7 23. Qe2 Bxc4 24. dxc4 Bxc3 25.
bxc3 Qe7 26. Rxf7 Qxf7 27. e5 Re6 28. Qe3 Kg7 29. Qe4 Qf2 30. Qe2 Qf4 31. Qe4 Qd2 32. Qe3 Qxc2 33. Rc1 Qb2 34. Rd1 Qc2 35. Rd7+ Kh6 36.
h4 Qb1+ 37. Kg2 Qc2+ 38. Kh3 1-0

[Event "*** Titled Tuesday Blitz"]
[Site "Chess.com"]
[Date "2020.04.28"]
[Round "1"]
[White "ChrisTool2"]
[Black "djamir"]
[Result "0-1"]
[WhiteElo "2385"]
[BlackElo "2728"]
[TimeControl "180+1"]
[EndTime "10:07:24 PDT"]
[Termination "djamir won on time"]

1. d4 Nf6 2. c4 e6 3. Nf3 Bb4+ 4. Nbd2 b6 5. a3 Bxd2+ 6. Qxd2 Bb7 7. e3 O-O 8. Be2 d6 9. O-O Nbd7 10. b3 Qe7 11. Bb2 c5 12. Rad1 Rfd8 13. Ne1 Rac8 14. f3 d5 15. Nc2 dxc4 16. Bxc4 Ne5 17. Be2 Nc6 18. Bc4 Na5 19. Qe2 Nxc4 20. bxc4 Ba6 21. Rfe1 cxd4 22.
Nxd4 Bxc4 23. Qf2 Ba6 24. Qg3 Kh8 25. Rd2 Qf8 26. Red1 Bc4 27. h4 a5 28. h5 Nxh5 29. Qh4 Nf6 30. Kh1 b5 31. e4 b4 32. axb4 axb4 33.
Ra1 e5 34. Nf5 Rxd2 35. Bxe5 Ne8 36. Ra7 Be6 37. Nxg7 Nxg7 38. Qh6 Kg8 39. Qg5 Rd1+ 40. Kh2 b3 41. Rb7 Rdc1 42. Bf6 R1c7 43. Rb6 Rc5 0-1

[Event "*** Titled Tuesday Blitz"]
[Site "Chess.com"]
[Date "2020.04.28"]
[Round "1"]
[White "FightingChess"]
[Black "Twitch_ElhamBlitz05"]
[Result "0-1"]
[WhiteElo "2359"]
[BlackElo "2702"]
[TimeControl "180+1"]
[EndTime "10:07:24 PDT"]
[Termination "Twitch_ElhamBlitz05 won by checkmate"]

1. e4 c6 2. d4 d5 3. Nc3 dxe4 4. Nxe4 Nf6 5. Nxf6+ exf6 6. c3 Bd6 7. Bd3 O-O 8.
Qc2 Re8+ 9. Ne2 h5 10. Bd2 Be6 11. O-O h4 12. Nf4 Bxf4 13. Bxf4 h3 14. Rfe1 hxg2 15. Re3 Na6 16. Rg3 Kf8 17. Qd1 g5 18. Be3 Nc7 19. Qh5 Nd5 20. Re1 Ke7 21. c4 Nxe3 22. Rgxe3 Qxd4 23. Bf5 Qxc4 24. b3 Qd5 25. Bxe6 fxe6 26. Rd1 Rh8 27. Qe2 Qf5 28. Qd2 Rad8 29. Qb4+ Kf7 30. Qxb7+ Kg6 31. Rde1 Qf4 32. h3 Rd2 33.
R3e2 Rxe2 34. Rxe2 Rxh3 35. Qxc6 Qh2# 0-1

[Event "*** Titled Tuesday Blitz"]
[Site "Chess.com"]
[Date "2020.04.28"]
[Round "1"]
[White "druskacik"]
[Black "svilson23"]
[Result "1/2-1/2"]
[WhiteElo "2542"]
[BlackElo "2217"]
[TimeControl "180+1"]
[EndTime "10:07:24 PDT"]
[Termination "Game drawn by repetition"]

1. e4 c5 2. Nf3 Nc6 3. d4 cxd4 4. Nxd4 e5 5. Nb5 d6 6. N1c3 a6 7. Na3 Be6 8. Nd5 Nf6 9. Bg5 Be7 10. Bxf6 Bxf6 11.
c3 Ne7 12. Nxf6+ gxf6 13. Nc4 d5 14. exd5 Nxd5 15. Qd2 b5 16. Ne3 Nxe3 17. Qxe3 O-O 18. Be2 Qc7 19. O-O f5 20. Qg5+ Kh8 21. Qf6+ Kg8 22.
a4 e4 23. Qg5+ Kh8 24. Qf6+ Kg8 25. Rfd1 bxa4 26. Rd4 a5 27. Rdxa4 Qb7 28. h3 Qxb2 29. Bh5 Qd2 30. Rxa5 Rxa5 31. Rxa5 Qc1+ 32. Kh2 Qf4+ 33. Kg1 Qc1+ 34. Kh2 Qf4+ 35. Kg1 e3 36. fxe3 Qxe3+ 37. Kh1 Qc1+ 38. Kh2 Qf4+ 39. Kh1 Qf1+ 40. Kh2 Qf4+ 41. Kh1 Qc1+ 42. Kh2 Qf4+ 1/2-1/2

[Event "*** Titled Tuesday Blitz"]
[Site "Chess.com"]
[Date "2020.04.28"]
[Round "1"]
[White "crywolf1986"]
[Black "Funkmaus"]
[Result "1-0"]
[WhiteElo "2538"]
[BlackElo "2192"]
[TimeControl "180+1"]
[EndTime "10:07:24 PDT"]
[Termination "crywolf1986 won on time"]

1. d4 d5 2. Nf3 c6 3. c4 Nf6 4. e3 Bg4 5. Nbd2 e6 6. Bd3 Bd6 7.
h3 Bh5 8. Qc2 Nbd7 9. O-O O-O 10. b3 Qe7 11. Bb2 Rac8 12. c5 Bc7 13. b4 e5 14. dxe5 Nxe5 15. Nxe5 Bxe5 16. Bxe5 Qxe5 17. Rab1 a6 18. Qb2 Qg5 19. Qd4 Rfe8 20. f4 Qh4 21.
Nf3 Qg3 22. a4 Ne4 23. Rb2 Bxf3 24. Rxf3 Qe1+ 25. Kh2 Re6 26. Rb1 Qh4 27. f5 Rh6 28. Bxe4 dxe4 29. Rf4 Qg5 30. Rd1 Rh4 31. Qxe4 Rxf4 32.
Qxf4 Qf6 33. Rd6 Qc3 34. f6 g6 35. Qh6 Qe5+ 36. Kg1 Qa1+ 37. Kf2 Qb2+ 38. Kf3 1-0

[Event "*** Titled Tuesday Blitz"]
[Site "Chess.com"]
[Date "2020.04.28"]
[Round "1"]
[White "David_Paravyan"]
[Black "StockholmMissile"]
[Result "1-0"]
[WhiteElo "2954"]
[BlackElo "2461"]
[TimeControl "180+1"]
[EndTime "10:07:25 PDT"]
[Termination "David_Paravyan won by checkmate"]

1. e4 e5 2. Nf3 Nc6 3. Bb5 a6 4. Ba4 Nf6 5. O-O Be7 6. Re1 b5 7. Bb3 d6 8. c3 O-O 9. h3 Nb8 10.
d4 Nbd7 11. Nbd2 Bb7 12. Bc2 Re8 13. Nf1 Bf8 14. Ng3 g6 15. a4 c5 16. d5 c4 17. Bg5 Nc5 18. Qd2 Be7 19. Be3 Qc7 20. Rf1 Reb8 21. a5 Re8 22. Nh2 Nfd7 23. Ng4 Ra7 24.
f4 exf4 25. Rxf4 Ne5 26. Raf1 Bg5 27. Nxe5 Bxf4 28. Ng4 Be5 29. Bd4 Bxd4+ 30. Qxd4 Re5 31. Nxe5 dxe5 32. Qf2 Bc8 33. h4 Qe7 34. h5 Rc7 35. h6 Qg5 36. d6 Rc6 37. Qxf7+ Kh8 38. Qg7# 1-0

[Event "*** Titled Tuesday Blitz"]
[Site "Chess.com"]
[Date "2020.04.28"]
[Round "1"]
[White "Stormeman100100"]
[Black "Ana_Berke"]
[Result "1-0"]
[WhiteElo "2508"]
[BlackElo "2108"]
[TimeControl "180+1"]
[EndTime "10:07:25 PDT"]
[Termination "Stormeman100100 won by resignation"]

1. Nf3 c5 2. e4 d6 3. Bb5+ Bd7 4. Bxd7+ Qxd7 5. c4 g6 6. Nc3 Bg7 7. d4 cxd4 8. Nxd4 Nf6 9. O-O O-O 10. f3 a6 11. Be3 Nc6 12. Nxc6 Qxc6 13. Rc1 Rfc8 14.
b3 Qc7 15. Bd4 Qa5 16. Qd2 b5 17. cxb5 axb5 18. a4 bxa4 19. bxa4 Rc4 20. Rfd1 Rac8 21. e5 dxe5 22. Be3 e6 23. Ne4 Qxd2 24. Bxd2 Nxe4 25. fxe4 f5 26. a5 Bf8 27. Be3 f4 28. Bd2 Bc5+ 29. Kf1 Ba7 30. Rxc4 Rxc4 31. Rc1 Rxc1+ 32. Bxc1 Bd4 33.
Ba3 Kf7 34. Bd6 Ke8 35. Ke2 Kd7 36. Bb4 Kc6 37. Kd3 Kb5 38. Be1 g5 39. h3 h5 40. g4 hxg4 41. hxg4 f3 42. Bd2 f2 43. Ke2 Ba7 44. Bxg5 Kc4 45. Bd8 Kb5 46. g5 Kc6 47. g6 Kd7 48. Bb6 Bb8 49. g7 Ke8 50.
g8=Q+ 1-0

[Event "*** Titled Tuesday Blitz"]
[Site "Chess.com"]
[Date "2020.04.28"]
[Round "1"]
[White "Vincent_Vega95"]
[Black "abubakrtagelsir"]
[Result "1-0"]
[WhiteElo "2703"]
[BlackElo "2360"]
[TimeControl "180+1"]
[EndTime "10:07:26 PDT"]
[Termination "Vincent_Vega95 won by checkmate"]

1. d4 Nf6 2. c4 g6 3. Nc3 Bg7 4. e4 d6 5. Nf3 O-O 6. Be2 Na6 7.
Bf4 Bg4 8. O-O Nd7 9. Bg5 Qe8 10. Nd5 e6 11. Ne3 Bxf3 12. Bxf3 f6 13. Bh4 e5 14. d5 Qf7 15. Bg4 Kh8 16. Rb1 Ndc5 17. Qf3 Nd3 18.
a3 g5 19. Bg3 Nf4 20. h3 h5 21. Be6 Nxe6 22. dxe6 Qxe6 23. Qxh5+ Kg8 24. b4 Qe8 25. Qg4 Kf7 26. Nf5 Rh8 27. Rfd1 Rd8 28. h4 Bh6 29. c5 dxc5 30. Rxd8 Qxd8 31. Rd1 Qe8 32. Nxh6+ Rxh6 33. hxg5 Rg6 34. Rd7+ Kg8 35. Qd1 Qe6 36. Rd8+ Kh7 37. Qh5+ Kg7 38. Qh8+ Kf7 39. Qf8# 1-0

[Event "*** Titled Tuesday Blitz"]
[Site "Chess.com"]
[Date "2020.04.28"]
[Round "1"]
[White "AthanasiusLefebvre"]
[Black "bazar-wokzal"]
[Result "0-1"]
[WhiteElo "2052"]
[BlackElo "2505"]
[TimeControl "180+1"]
[EndTime "10:07:26 PDT"]
[Termination "bazar-wokzal won on time"]

1. g3 e5 2. d3 d5 3. Bg2 Nc6 4. Nf3 Bg4 5. O-O Nf6 6. h3 Bh5 7. g4 Bg6 8. Nh4 Bc5 9. Nxg6 hxg6 10. e4 Qd6 11. g5 Nh5 12. exd5 Nd4 13. c3 Nf5 14. d4 exd4 15. Re1+ Kf8 16. cxd4 Bxd4 17. Nc3 Nf4 18. Ne4 Qe5 19. b3 Nxg2 20. Ba3+ Kg8 21.
Kxg2 Bxa1 22. Nf6+ gxf6 23. Rxe5 Bxe5 24. gxf6 Bxf6 25. Qc2 Be5 26. Qe4 Bd6 27. Bb2 Rh4 28. Qd3 Re8 29. Qb5 Rhe4 30. Qxb7 Re2 31. Bf6 Ne3+ 32.
Kf3 Nd1 33. Qxa7 Rxf2+ 34. Qxf2 Nxf2 35. Kxf2 Ra8 36. a4 Rb8 37. a5 Rxb3 38. Bd4 Rxh3 39. a6 Ra3 40. a7 f5 41. Ke2 g5 42. Kd2 g4 43. Kc2 f4 44. Kb2 g3 0-1

[Event "*** Titled Tuesday Blitz"]
[Site "Chess.com"]
[Date "2020.04.28"]
[Round "1"]
[White "Chessmatus"]
[Black "canhhuan"]
[Result "1/2-1/2"]
[WhiteElo "2348"]
[BlackElo "2667"]
[TimeControl "180+1"]
[EndTime "10:07:27 PDT"]
[Termination "Game drawn by repetition"]

1. e4 Nf6 2. e5 Nd5 3. d4 d6 4. Nf3 g6 5. Bc4 c6 6. O-O Bg7 7. Qe2 O-O 8. c3 Bg4 9. Nbd2 Nd7 10. h3 Bxf3 11. Nxf3 dxe5 12. dxe5 e6 13. Bg5 Qc7 14.
Rfe1 b5 15. Bb3 a5 16. c4 bxc4 17. Bxc4 a4 18. Rac1 Qb7 19. Qd2 Rfb8 20. Rc2 Qb4 21.
Qxb4 Rxb4 22. a3 Rb7 23. Bc1 h6 24. Ba2 Ra6 25. Re4 Rb8 26. Rce2 Nc5 27. Rc4 Nd3 28. Bb1 Nxc1 29. Rxc1 Rab6 30. Rcc2 Bf8 31. Ba2 g5 32. g3 Be7 33. Kf1 Kg7 34. Ke1 R8b7 35. Nd4 c5 36.
Nf5+ exf5 37. Bxd5 Rd7 38. Bc4 Rd4 39. Red2 Re4+ 40.
Re2 Rd4 41. Red2 Re4+ 42. Re2 Rd4 1/2-1/2

[Event "*** Titled Tuesday Blitz"]
[Site "Chess.com"]
[Date "2020.04.28"]
[Round "1"]
[White "Anna_ChessMate"]
[Black "GodDMuhammad"]
[Result "1-0"]
[WhiteElo "2537"]
[BlackElo "2191"]
[TimeControl "180+1"]
[EndTime "10:07:27 PDT"]
[Termination "Anna_ChessMate won by resignation"]

1. d4 Nf6 2. c4 e6 3. Nf3 d5 4. Nc3 Be7 5. Bf4 O-O 6. e3 b6 7.
Rc1 Bb7 8. h3 Nbd7 9. cxd5 exd5 10. Bd3 c5 11. O-O Rc8 12. dxc5 Nxc5 13. Bb1 Nce4 14.
Qa4 a6 15. Rfd1 b5 16. Qb3 Nc5 17. Qc2 Ne6 18. Be5 g6 19. Qd2 Ne4 20. Nxe4 dxe4 21. Rxc8 Qxc8 22. Nd4 Rd8 23. a3 f6 24. Ba2 Bd5 25. Nxe6 Bxe6 26. Bxe6+ Qxe6 27. Bd4 Bc5 28. Qa5 Rd7 29. a4 Bxd4 30. exd4 bxa4 31. d5 Qf7 32. d6 Qb3 33. Rd2 f5 34. Qe5 Kf7 35. Qh8 Qb5 36. Qxh7+ Kf6 37. Qh8+ Kf7 38. Qc8 Ke6 39.
Qe8+ Kf6 40. g4 a3 41. bxa3 a5 42. h4 fxg4 43. Qxe4 Qf5 44. Qe8 Qb1+ 45. Kh2 Qb7 46. Re2 Rxd6 47. Qe5+ Kf7 48. Qxd6 1-0

[Event "*** Titled Tuesday Blitz"]
[Site "Chess.com"]
[Date "2020.04.28"]
[Round "1"]
[White "JulAnt"]
[Black "1f3_2g41-0"]
[Result "0-1"]
[WhiteElo "2519"]
[BlackElo "2204"]
[TimeControl "180+1"]
[EndTime "10:07:27 PDT"]
[Termination "1f3_2g41-0 won on time"]

1. e4 c5 2. Nf3 d6 3. d4 cxd4 4. Nxd4 Nf6 5. Nc3 a6 6. Bg5 e6 7. f4 Be7 8. Qf3 Nc6 9. O-O-O O-O 10. g4 e5 11. Nf5 Bxf5 12. gxf5 Nd4 13. Qf2 Ng4 14. Qg3 Bxg5 15. fxg5 Qxg5+ 16. Kb1 h6 17. Re1 Qd2 18. Bd3 h5 19. Reg1 Qh6 20. h3 Nf6 21. Rg2 h4 22. Qf2 Kh8 23. Rhg1 Rg8 24. a3 b5 25. Nd1 Raf8 26. Ne3 g5 27. fxg6 fxg6 28. Qe1 Nh5 29. Ng4 Qg5 30. Rf1 Ng3 31. Rxf8 Rxf8 32. Qb4 Qe7 33. Qa5 Qb7 34. Qb4 Qc6 35. Rd2 Nf3 36. Rd1 Rf4 37. Qb3 Nd4 0-1

[Event "*** Titled Tuesday Blitz"]
[Site "Chess.com"]
[Date "2020.04.28"]
[Round "1"]
[White "Konek-Gorbunok"]
[Black "viktorskliarov"]
[Result "0-1"]
[WhiteElo "2322"]
[BlackElo "2645"]
[TimeControl "180+1"]
[EndTime "10:07:28 PDT"]
[Termination "viktorskliarov won on time"]

1. d4 Nf6 2. Nf3 g6 3. c4 Bg7 4. Nc3 O-O 5. e4 d6 6. Be2 Bg4 7. O-O Nc6 8. Be3 Bxf3 9. Bxf3 e5 10. d5 Ne7 11. c5 Nd7 12. cxd6 cxd6 13. Rc1 a6 14. b4 f5 15. Qb3 f4 16. Bd2 h5 17.
a4 Nf6 18. Be2 g5 19. f3 g4 20. a5 Ng6 21. Na4 Rf7 22. Nb6 Rb8 23. b5 axb5 24. Qxb5 Bf8 25. Rc2 Rg7 26. Kh1 Nh4 27. Be1 Nxg2 28.
Kxg2 gxf3+ 29. Kxf3 Ng4 30. Rh1 Ne3 31. Rc3 Qg5 32.
Bg3 fxg3 33. Rxe3 Rf7+ 34. Kg2 Qxe3 35. Rf1 Rf2+ 0-1